 Dungeon Crawl Stone Soup version 0.29.1-2-gbd0b4ee654 (webtiles) character file.

Game seed: 3080423179499432597

268 KamiKatze the Shield-Bearer (level 6, -7/38 HPs)
             Began as a Gargoyle Fighter on Nov 19, 2022.
             Mangled by Eustachio
             ... wielding a +0 rapier
              (9 damage)
             ... on level 4 of the Dungeon.
             The game lasted 00:13:56 (3249 turns).

KamiKatze the Shield-Bearer (Gargoyle Fighter)      Turns: 3249, Time: 00:13:57

Health: -7/38      AC: 13    Str: 28    XL:     6   Next: 21%
Magic:  6/6        EV:  7    Int:  8    God:
Gold:   259        SH:  4    Dex:  9    Spells: 5/5 levels left

rFire   . . .      SeeInvis .   a - +0 war axe
rCold   . . .      Faith    .   c - +0 buckler
rNeg    + . .      Spirit   .   b - +0 scale mail
rPois   ∞          Reflect  .   (no helmet)
rElec   +          Harm     .   (no cloak)
rCorr   .          Rampage  .   p - +1 pair of gloves
Will    .....                   (no boots)
Stlth   ..........              (no amulet)
HPRegen 0.12/turn               B - +6 ring of strength
MPRegen 0.10/turn               (no ring)

@: mighty, grasped by roots, constricted
A: sickness immunity, AC +4, negative energy resistance 1, electricity
resistance, torment resistance 1, petrification resistance
a: no special abilities


You were on level 4 of the Dungeon.
You visited 1 branch of the dungeon, and saw 4 of its levels.

You collected 259 gold pieces.

Inventory:

Hand Weapons
 a - a +0 war axe (weapon)
 w - a +2 falchion of flaming
 x - the +8 dagger "Coowkeilo" {vorpal, rN+ Dex+6}
   (You found it on level 4 of the Dungeon)

   It inflicts extra damage upon your enemies.
   Dex:       It affects your dexterity (+6).
   rN:        It protects you from negative energy.
Missiles
 h - 10 poisoned darts (quivered)
Armour
 b - a +0 scale mail (worn)
 c - a +0 buckler (worn)
 p - a +1 pair of gloves (worn)
 q - a +2 leather armour of cold resistance
Jewellery
 B - a +6 ring of strength (left hand)
Wands
 f - a wand of flame (6)
 v - a wand of roots (7)
 y - a wand of quicksilver (2)
Scrolls
 g - a scroll of summoning {unknown}
 j - a scroll of fear {unknown}
 m - a scroll of noise {unknown}
 n - a scroll of silence {unknown}
 o - a scroll of amnesia
 r - a scroll of magic mapping
 s - 2 scrolls of poison {unknown}
 t - a scroll of torment {unknown}
Potions
 e - a potion of heal wounds {unknown}
 i - 2 potions of magic
 k - 2 potions of brilliance
 l - 2 potions of invisibility
 u - a potion of haste {unknown}
 z - a potion of attraction {unknown}
 A - a potion of curing {unknown}


   Skills:
 + Level 3.8 Fighting
 * Level 3.1 Axes
 + Level 1.4 Throwing
 + Level 3.9 Armour
 + Level 1.3 Dodging
 * Level 4.8 Shields
 + Level 0.6 Evocations


You had 5 spell levels left.
You didn't know any spells.
Your spell library contained the following spells:

 Spells                   Type           Power      Damage    Failure   Level
 Foxfire                  Conj/Fire      0%         2x1d4     77%         1
 Conjure Flame            Conj/Fire      0%         6-21      98%         3
 Inner Flame              Hex/Fire       0%         N/A       98%         3
 Flame Wave               Conj/Fire      0%         2d4       100%        4


Dungeon Overview and Level Annotations

Branches:
Dungeon (4/15)
 Temple: D:4-7

Altars:
Wu Jian
The Shining One

Annotations:
D:4 Eustachio


Innate Abilities, Weirdness & Mutations

You are immune to sickness and miasma.
Your stone body is resilient. (AC +4)
You are immune to poison.
You resist negative energy. (rN+)
You are resistant to electric shocks. (rElec)
You are resistant to unholy torment.
You are immune to petrification.


Message History

The iron imp disappears in a puff of smoke!
The shadow imp disappears in a puff of smoke!
The bat hits you but does no damage. You block the bat's attack.
You hit Eustachio.
Eustachio is lightly wounded.
You slash the bat!
You kill the bat!
The bat's corpse disappears in a puff of smoke!
Eustachio hits you with a +0 rapier. x2
You miss Eustachio.
Eustachio is lightly wounded.
Eustachio hits you with a +0 rapier.
* * * LOW HITPOINT WARNING * * *
Unknown command.
You miss Eustachio.
Eustachio is lightly wounded.
Eustachio hits you with a +0 rapier!
* * * LOW HITPOINT WARNING * * *
Unknown command.
You feel very mighty all of a sudden. Eustachio hits you with a +0 rapier.
* * * LOW HITPOINT WARNING * * *
Unknown command.
You closely miss Eustachio.
Eustachio is lightly wounded.
Eustachio closely misses you. Eustachio hits you with a +0 rapier.
* * * LOW HITPOINT WARNING * * *
Unknown command.
You barely miss Eustachio.
Eustachio is lightly wounded.
Eustachio zaps a wand.
The roots erupt in riotous growth!
The grasping roots grab you!
Eustachio is unaffected.
The grasping roots constrict you.
* * * LOW HITPOINT WARNING * * *
Unknown command.
You slash Eustachio!
Eustachio is heavily wounded.
Eustachio barely misses you. The grasping roots constrict you.
Eustachio hits you with a +0 rapier!
You die...

.#...##...#....#...# ##
#...####'#....'...#
#........#....#...#
#.......>#....#...#
#........#....#...#
#........#....#...#
#........#>...#...##
#...##...#....#....#
#...##...#....#@...#
#....'...#..55@....#
#....#...#....##########
#...###'##.............#
######...#.............#
#....#.............#
#....'.............#
#....#..†.#####....#
#######...######...#....#


You could see Eustachio, a white imp (summoned) and an ufetubus (summoned).

Vanquished Creatures
  2 hounds (D:4)
  Ijyb (D:4)
  An iguana (D:4)
  5 adders
  4 worms
  A dart slug (D:1)
  4 orcs (D:3)
  7 endoplasms
  3 giant cockroaches
  10 goblins
  9 hobgoblins
  9 jackals
  3 quokkas
  5 ball pythons
  9 bats
  3 frilled lizards
  7 kobolds
  9 rats
92 creatures vanquished.

Notes
Turn   | Place    | Note
-------+----------+-------------------------------------------
     0 | D:1      | KamiKatze the Gargoyle Fighter began the quest for the Orb.
     0 | D:1      | Reached XP level 1. HP: 14/14 MP: 1/1
   174 | D:1      | Reached XP level 2. HP: 13/19 MP: 2/2
   814 | D:1      | Found a faded altar of an unknown god.
   996 | D:2      | Found a glowing golden altar of the Shining One.
  1003 | D:2      | Reached XP level 3. HP: 20/23 MP: 3/3
  1315 | D:2      | Reached skill level 4 in Shields
  1390 | D:2      | Reached XP level 4. HP: 11/28 MP: 4/4
  1792 | D:3      | Found an ornate altar of the Wu Jian Council.
  1960 | D:3      | Reached skill level 1 in Throwing
  2055 | D:3      | Reached XP level 5. HP: 30/32 MP: 5/5
  2057 | D:3      | Reached skill level 1 in Dodging
  2227 | D:3      | Found a glowing golden altar of the Shining One.
  2490 | D:4      | Noticed Ijyb
  2500 | D:4      | Killed Ijyb
  2677 | D:4      | Reached XP level 6. HP: 33/38 MP: 6/6
  2714 | D:4      | Identified the +8 dagger "Coowkeilo" {vorpal, rN+ Dex+6}
  3213 | D:4      | Noticed Eustachio
  3249 | D:4      | Mangled by Eustachio

Illustrated notes

Levels and vault maps discovered:
D:1:      dpeg_arrival_rooms_with_view, layout_basic,
          dilly_ecumenical_altar_fadedgnrine
D:2:      layout_rooms, basic_altar, minivault_25, minivault_14
D:3:      layout_loops_cross, general_overflow_altar,
          mainiacjoe_overflow_brackets
D:4:      layout_gridville, minmay_ruptured, uniq_eustachio, uniq_ijyb

Skill      XL: |  1  2  3  4  5 |
---------------+----------------+-----
Axes           | 2 3 |  3.1
Shields        | 4 |  4.8
Throwing       | 1 |  1.4
Dodging        | 1 |  1.3
Fighting       | |  3.8
Armour         | |  3.9
Evocations     | |  0.6

Action                   |  1- 3 |  4- 6 || total
-------------------------+-------+-------++-------
Melee: War axe           |   136 |   200 ||   336
  Use: Scroll            |       |     6 ||     6
       Potion            |       |     1 ||     1
Armor: Scale mail        |    72 |   124 ||   196
Dodge: Dodged            |    79 |    92 ||   171
Block: Buckler           |    25 |    50 ||    75
